 Dungeon Crawl Stone Soup version 0.32-a0-86-g8db1b9f803 (webtiles) character file.

Game seed: 6150521513756457442

7551 Atlas the Thaumaturge (level 10, -18/64 HPs)
             Began as a Demonspawn Fire Elementalist on Feb 6, 2024.
             Was a Believer of Vehumet.
             Killed from afar by Fannar (37 damage)
             ... with a bolt of cold
             ... on level 10 of the Dungeon.
             The game lasted 00:18:27 (13166 turns).

Atlas the Thaumaturge (DsFE)                       Turns: 13166, Time: 00:18:28

Health: -18/64     AC: 12    Str: 11    XL:     10   Next: 96%
Magic:  11/24      EV: 13    Int: 20    God:    Vehumet [**....]
Gold:   763        SH:  0    Dex: 17    Spells: 22/29 levels left

rFire   + + .        w - +9 quarterstaff of the Lurker {flame, rElec rPois Str+3 Dex+3}
rCold   x . .        (shield currently unavailable)
rNeg    . . .        J - +3 ring mail {rF+}
rPois   +            (no helmet)
rElec   +            p - +0 cloak
rCorr   .            (no gloves)
SInv    .            B - +2 pair of boots {Fly}
Will    +....        (no amulet)
Stlth   ++           N - ring of fire
HPRegen 0.30/turn    L - ring of willpower
MPRegen 0.19/turn

%: no passive effects
@: flying
A: repulsion field 1, foul stench 2, powered by death 1, weakness stinger 1
a: Renounce Religion


You were on level 10 of the Dungeon.
You worshipped Vehumet.
Vehumet was pleased with you.
You visited 2 branches of the dungeon, and saw 11 of its levels.
You also visited: Bailey.

You collected 763 gold pieces.

Inventory:

Hand Weapons
 w - the +9 quarterstaff of the Lurker (weapon) {flame, rElec rPois Str+3 Dex+3}
   (You took it off a kobold in a bailey)

   Str+3:     It affects your strength (+3).
   Dex+3:     It affects your dexterity (+3).
   rElec:     It insulates you from electricity.
   rPois:     It protects you from poison
Armour
 p - a +0 cloak (worn)
 B - a +2 pair of boots of flying (worn)
 I - +0 acid dragon scales
 J - a +3 ring mail of fire resistance (worn)
 M - a +0 helmet
Magical Staves
 q - a staff of fire
Jewellery
 g - a ring of wizardry
 j - a +6 ring of dexterity
 C - a ring of protection from fire
 G - a +6 ring of strength
 L - a ring of willpower (right hand)
 N - a ring of fire (left hand)
Wands
 i - a wand of flame (11)
 k - a wand of polymorph (4)
 y - a wand of mindburst (20)
 F - a wand of iceblast (2)
Scrolls
 a - 2 scrolls of amnesia
 d - 4 scrolls of immolation
 f - a scroll of identify
 h - 6 scrolls of teleportation
 l - 2 scrolls of noise
 o - 2 scrolls of vulnerability
 r - 2 scrolls of enchant weapon
 s - 2 scrolls of poison
 x - a scroll of fog
 H - a scroll of revelation
 K - a scroll of enchant armour
Potions
 b - a potion of magic
 c - 6 potions of curing
 e - 7 potions of enlightenment
 m - a potion of cancellation
 n - 4 potions of mutation
 t - 2 potions of heal wounds {unknown}
 u - 3 potions of brilliance
 v - 2 potions of degeneration {unknown}
 z - a potion of might {unknown}
 A - a potion of berserk rage {unknown}
 D - a potion of resistance {unknown}
 E - 2 potions of haste {unknown}


   Skills:
 + Level 0.9 Fighting
 + Level 2.8 Armour
 + Level 3.1 Dodging
 - Level 3.0 Stealth
 + Level 10.2 Spellcasting
 + Level 6.3 Conjurations
 + Level 9.5 Fire Magic
 + Level 1.5 Evocations


You had 22 spell levels left.
You knew the following spells:

 Your Spells              Type           Power      Damage    Failure   Level
a - Scorch                Fire           100%       2d9       1%          2
b - Foxfire               Conj/Fire      100%       2x1d9     1%          1
c - Flame Wave            Conj/Fire      58%        2d14      6%          4

Your spell library contained the following spells:

 Spells                   Type           Power      Damage    Failure   Level
 Mercury Vapours          Alch/Air       20%        N/A       24%         2
 Static Discharge         Conj/Air       46%        3-5/arc   6%          2
 Inner Flame              Hex/Fire       43%        N/A       7%          3
 Volatile Blastmotes      Fire/Tloc      86%        2d17      7%          3
 Ensorcelled Hibernation  Hex/Ice        20%        N/A       24%         2
 Fugue of the Fallen      Necr           10%        N/A       43%         3
 Airstrike                Air            5%         2d(1-17)  83%         4
 Anguish                  Hex/Necr       5%         N/A       83%         4
 Summon Lightning Spire   Summ/Air       10%        N/A       83%         4


Dungeon Overview and Level Annotations

Branches:
Dungeon (10/15)            Temple (1/1) D:6            Lair (0/5) D:8
 Bailey (visited)
    Orc: D:9-12

Altars:
Ashenzari
Cheibriados
Dithmenos
Fedhas
Gozag
Hepliaklqana
Kikubaaqudgha
Makhleb
Nemelex Xobeh
Okawaru
Qazlal
Ru
Trog
Uskayaw
Vehumet
Wu Jian
Xom
Yredelemnul

Shops:
D:1 *

Annotations:
D:10 Fannar


Innate Abilities, Weirdness & Mutations

You are surrounded by a mild repulsion field. (EV +2)
You sometimes emit foul miasma when damaged in melee.
You regenerate a little health from kills.
You have a small tail.


Message History

You feel a surge of power!
You conjure some foxfire!
Casting: Foxfire (safe; 1% risk of failure)
Confirm with . or Enter, or press ? or * to list all spells.
You feel a surge of power!
Flames lash Fannar.
Fannar is moderately wounded.
Fannar's fire resistance burns away.
The foxfire hits Fannar!
Fannar is burned terribly!
Fannar is moderately wounded.
The foxfire hits Fannar.
Fannar is burned terribly!
Fannar is moderately wounded.
Unknown command.
Casting: Scorch (safe; 1% risk of failure)
Confirm with . or Enter, or press ? or * to list all spells.
You feel a surge of power!
Flames lash Fannar.
Fannar is burned terribly!
Fannar is heavily wounded.
Unknown command.
Unknown command.
Casting: Scorch (safe; 1% risk of failure)
Confirm with . or Enter, or press ? or * to list all spells.
Casting: Flame Wave (dangerous; 6% risk of failure)
Press: ? - help, Dir - look around, f - activate You feel a surge of power!
A wave of flame ripples out!
The flame wave engulfs Fannar!!
Fannar is burned terribly!
Fannar is severely wounded. (Press . to intensify the flame waves.) Fannar murmurs some mystic words to themself.
Fannar mumbles some strange words.
Fannar drains the heat from the surrounding environment!
You feel a terrible chill!
* * * LOW HITPOINT WARNING * * *
Unknown command.
Unknown command.
A wave of flame ripples out!
The flame wave engulfs Fannar!
Fannar is burned terribly!
Fannar is almost dead.
You hear an angry buzzing noise. x3
Fannar gestures at you while chanting. The bolt of cold hits you!!!
You feel a terrible chill!
Ouch! That really hurt!
You die...

...###..#...##...#...##.
#...##...........##..<.
##.....$................
#..................[....
........................
........................
........................
............###.##......
......e@<...##..##......
................###.....
...........#....##..#...
...........#............
.........###............
........#####..#........
..............##........
..................).....
......##.....#......


You could see Fannar (combustible).

Vanquished Creatures
  A hydra (D:9)
  A two-headed ogre (D:9)
  Pikel (D:5)
  Jeremiah (D:6)
  A hornet (D:9)
  Grinder (D:6)
  A wyvern (D:9)
  4 steam dragons
  A naga (D:9)
  An acid dragon (D:9)
  3 water moccasins
  2 ice beasts
  10 orc warriors
  3 ogres
  2 sky beasts
  A centaur (D:8)
  A phantom (D:5)
  2 kobold brigands (D:7)
  A bullfrog (D:9)
  4 scorpions
  9 wights
  5 killer bees (D:7)
  3 howler monkeys (D:4)
  A bombardier beetle (D:5)
  A gnoll bouda (D:4)
  3 orc priests
  A hound (D:4)
  A jelly (D:5)
  2 sleepcaps
  2 iguanas
  10 orc wizards
  6 adders
  22 gnolls
  2 white imps
  2 ufetubi (D:5)
  3 dart slugs (D:4)
  A ribbon worm (D:2)
  43 orcs
  5 ball pythons
  5 bats
  12 endoplasms
  7 giant cockroaches
  10 goblins
  7 hobgoblins
  14 jackals (D:4)
  5 quokkas
  2 frilled lizards
  31 kobolds
  10 rats
267 creatures vanquished.

Vanquished Creatures (others)
  995 foxfires
995 creatures vanquished.

Grand Total: 1262 creatures vanquished

Notes
Turn   | Place    | Note
-------+----------+-------------------------------------------
     0 | D:1      | Atlas the Demonspawn Fire Elementalist began the quest for
                  | the Orb.
     0 | D:1      | Reached XP level 1. HP: 13/13 MP: 3/3
   347 | D:1      | Found Okukihif's General Store.
   437 | D:1      | Gained mutation: You are surrounded by a mild repulsion
                  | field. (EV +2) [demonic ancestry]
   437 | D:1      | Reached XP level 2. HP: 17/19 MP: 0/5
   723 | D:1      | Learned a level 2 spell: Scorch
  1208 | D:1      | Gained mutation: You have a small tail. [demonic ancestry]
  1208 | D:1      | Reached XP level 3. HP: 24/24 MP: 3/6
  2184 | D:2      | Gained mutation: You may rarely emit foul miasma when
                  | damaged in melee. [demonic ancestry]
  2184 | D:2      | Reached XP level 4. HP: 30/30 MP: 5/8
  2490 | D:3      | Noticed a scorpion
  2494 | D:3      | Killed a scorpion
  2495 | D:3      | Reached skill level 3 in Spellcasting
  2766 | D:3      | Reached XP level 5. HP: 35/35 MP: 3/9
  3198 | D:3      | Found a hide-covered altar of Uskayaw.
  3199 | D:3      | Found a broken altar of Ashenzari.
  3522 | D:4      | Found an ancient bone altar of Kikubaaqudgha.
  3559 | D:4      | Found a shimmering altar of Xom.
  3690 | D:4      | Noticed an ogre
  3695 | D:4      | Killed an ogre
  3696 | D:4      | Reached skill level 1 in Armour
  3696 | D:4      | Reached skill level 4 in Spellcasting
  3696 | D:4      | Reached XP level 6. HP: 41/41 MP: 2/12
  4601 | D:4      | Reached skill level 5 in Fire Magic
  4601 | D:4      | Reached XP level 7. HP: 46/46 MP: 9/14
  5305 | D:4      | Reached skill level 5 in Spellcasting
  6096 | D:4      | Learned a level 4 spell: Flame Wave
  6205 | D:5      | Entered Level 5 of the Dungeon
  6266 | D:5      | Reached XP level 8. HP: 22/53 MP: 8/16
  7545 | D:6      | Reached skill level 6 in Spellcasting
  7592 | D:6      | Noticed Pikel
  7611 | D:5      | Killed Pikel
  7744 | D:6      | Noticed Jeremiah
  8119 | D:6      | Killed Jeremiah
  8120 | D:6      | Reached skill level 7 in Spellcasting
  8120 | D:6      | Gained mutation: You sometimes emit foul miasma when
                  | damaged in melee. [demonic ancestry]
  8120 | D:6      | Reached XP level 9. HP: 46/58 MP: 15/19
  8186 | D:6      | Noticed Grinder
  8194 | D:6      | Killed Grinder
  8531 | D:6      | Found a staircase to the Ecumenical Temple.
  8634 | Temple   | Entered the Ecumenical Temple
  8638 | Temple   | Became a worshipper of Vehumet
  8698 | D:7      | Reached skill level 1 in Evocations
  9225 | D:7      | Reached * piety under Vehumet
  9225 | D:7      | Offered knowledge of Magic Dart by Vehumet.
  9226 | D:7      | Reached skill level 8 in Spellcasting
  9997 | D:8      | Reached skill level 5 in Conjurations
 10130 | D:8      | Found a staircase to the Lair.
 10220 | D:8      | Gained mutation: You regenerate a little health from kills.
                  | [demonic ancestry]
 10220 | D:8      | Reached XP level 10. HP: 64/64 MP: 17/22
 10231 | D:8      | Found a flagged portal.
 10259 | Bailey   | Entered a bailey
 10311 | Bailey   | Reached ** piety under Vehumet
 10389 | Bailey   | Identified the +9 quarterstaff of the Lurker {flame, rElec
                  | rPois Str+3 Dex+3}
 10402 | Bailey   | Offered knowledge of Momentum Strike by Vehumet.
 10425 | Bailey   | Reached skill level 9 in Spellcasting
 10883 | Bailey   | Identified the +6 quarterstaff of the Realm of Zot {flame,
                  | MP+9}
 11254 | D:8      | Found an iron altar of Okawaru.
 11329 | D:8      | Found a burning altar of Makhleb.
 11410 | D:8      | Found a snail-covered altar of Cheibriados.
 11570 | D:8      | Offered knowledge of Mercury Vapours by Vehumet.
 11801 | D:8      | Found an ornate altar of the Wu Jian Council.
 11853 | D:9      | Found a blossoming altar of Fedhas.
 11918 | D:9      | Found a sparkling altar of Nemelex Xobeh.
 12017 | D:9      | Found a bloodstained altar of Trog.
 12058 | D:9      | Noticed a two-headed ogre
 12079 | D:9      | Killed a two-headed ogre
 12376 | D:9      | Reached skill level 10 in Spellcasting
 12460 | D:9      | Noticed Joseph
 12467 | D:9      | Joseph changed into Joseph the naga
 12467 | D:9      | Noticed Joseph
 12476 | D:9      | Killed Joseph the naga
 12566 | D:9      | Found a basalt altar of Yredelemnul.
 12859 | D:9      | Noticed a four-headed hydra
 12866 | D:9      | Killed a four-headed hydra
 12970 | D:10     | Entered Level 10 of the Dungeon
 13111 | D:10     | Found a stormy altar of Qazlal.
 13111 | D:10     | Noticed Fannar
 13166 | D:10     | Killed from afar by Fannar

Illustrated notes

Levels and vault maps discovered:
D:1:      dpeg_arrival_simpleton_a, layout_loops_corners, serial_shops,
          nicolae_shop_pleasant_corner_grove, serial_bayou_pond_b,
          chequers_serial_rivers_room_b
D:2:      layout_rooms
D:3:      layout_basic, gammafunk_temple_overflow_statue, due_unseen_surprise
D:4:      lemuel_castle_with_subvaults [lemuel_castle_interior_carwin_3],
          layout_loops_ring, mainiacjoe_overflow_boulevard,
          mainiacjoe_overflow_alcove_4, nicolae_overflow_hidden_temple
D:5:      layout_basic, kennysheep_generic_room_16
D:6:      layout_rooms, temple_doors_e, uniq_grinder, uniq_pikel, uniq_jeremiah
D:7:      layout_cave_pools
D:8:      minmay_flawed_box, layout_loops_ring, nzn_wu_jian_council_hall,
          okawaru_trees_1, lemuel_coloured_pillars_altar, marbit_many_paths,
          lair_entry_dummy, enter_bailey_5
D:9:      layout_roguey, fedhas_ov_isle_minmay, mainiacjoe_overflow_24_doors,
          lemuel_round_altar, mainiacjoe_overflow_alcove_2, uniq_joseph
D:10:     layout_cave_pools, lemuel_crystal_altar, lemuel_crystal_altar,
          kennysheep_mini_moat, uniq_fannar
Temple:   hellmonk_temple_two_chambers

Skill      XL: |  1  2  3  4  5  6  7  8  9 10 |
---------------+-------------------------------+-----
Fire Magic     | 3 4 5 7 8 9 |  9.5
Stealth        | 2 3 |  3.0
Spellcasting   | 3 4 5 7 8 10 | 10.2
Armour         | 1 2 |  2.8
Conjurations   | 3 4 5 6 |  6.3
Dodging        | 2 3 |  3.1
Evocations     | 1 |  1.5
Fighting       | |  0.9

Action                     |  1- 3 |  4- 6 |  7- 9 | 10-12 || total
---------------------------+-------+-------+-------+-------++-------
  Melee: Unarmed           |     7 |       |       |       ||     7
         Tailslap          |     2 |     2 |     5 |       ||     9
         Staff             |       |    10 |    15 |       ||    25
         Punch             |       |       |     2 |       ||     2
         Quarterstaff      |       |       |       |     1 ||     1
   Cast: Foxfire           |    54 |    53 |   286 |   159 ||   552
         Scorch            |    21 |    46 |    66 |    43 ||   176
         Flame Wave        |       |       |     3 |     9 ||    12
  Evoke: Wand              |       |       |     3 |     2 ||     5
    Use: Scroll            |       |       |    11 |     4 ||    15
 Armour: Robe              |     7 |       |     8 |       ||    15
         Leather armour    |     8 |    12 |    28 |       ||    48
         Steam dragon scal |       |       |     1 |    13 ||    14
         Ring mail         |       |       |       |    22 ||    22
         Acid dragon scale |       |       |       |     7 ||     7
  Dodge: Dodged            |    13 |    14 |    50 |    29 ||   106

Table legend: (Time is in decaauts)
 A = Elapsed time spent in this place.
 B = Non-inter-level travel time spent in this place.
 C = Inter-level travel time spent in this place.
 D = Time resting spent in this place.
 E = Time spent auto-exploring this place.
 F = Levels seen in this place.
 G = Mean time per level.
                   A        B        C        D        E       F      G
               +--------+--------+--------+--------+--------+-----+--------+
         Total |  13201 |  12845 |    356 |    686 |  10083 |  12 | 1100.1 |
       Dungeon |  12265 |  11917 |    348 |    676 |   9395 |  10 | 1226.5 |
        Temple |      8 |      1 |      7 |      0 |      0 |   1 |    8.0 |
        Bailey |    926 |    926 |      0 |     10 |    688 |   1 |  926.0 |
               +--------+--------+--------+--------+--------+-----+--------+

Top non-repeatable levels by time:
     D:4: 2809 daAuts
     D:1: 1650 daAuts
     D:5: 1642 daAuts
     D:7: 1132 daAuts
     D:9: 1127 daAuts
     D:8: 1118 daAuts
     D:3: 938 daAuts
  Bailey: 926 daAuts
     D:2: 833 daAuts
     D:6: 817 daAuts
    D:10: 193 daAuts
  Temple: 8 daAuts
